 Dungeon Crawl Stone Soup version 0.31-a0-145-g046c7d2549 (webtiles) character file.

Game seed: 2142971999453348591

326 Midn8 the Grave Robber (level 6, -2/41 HPs)
             Began as a Mummy Necromancer on June 7, 2023.
             Was an Initiate of Sif Muna.
             Slain by a gnoll
             ... wielding a +0 flail
             ... led by a gnoll bouda
              (9 damage)
             ... on level 4 of the Dungeon.
             The game lasted 00:11:26 (3569 turns).

Midn8 the Grave Robber (Mummy Necromancer)          Turns: 3569, Time: 00:11:27

Health: -2/41      AC:  5    Str: 11    XL:     6   Next: 24%
Magic:  4/13       EV: 11    Int: 21    God:    Sif Muna [......]
Gold:   264        SH:  0    Dex: 13    Spells: 11/15 levels left

rFire   x . .        c - staff of death
rCold   + . .        (no shield)
rNeg    + + +        k - +2 leather armour of the Beginning {Will+ Int+5}
rPois   ∞            (no helmet)
rElec   .            (no cloak)
rCorr   .            (no gloves)
SInv    .            (no boots)
Will    +....        (no amulet)
Stlth   ++           (no ring)
HPRegen 0.26/turn    (no ring)
MPRegen 0.13/turn

%: faith
@: very slightly contaminated
A: cold resistance 1, negative energy resistance 3, torment resistance 2, heat
vulnerability 1, in touch with death 1, no potions, faith
a: Renounce Religion


You were on level 4 of the Dungeon.
You worshipped Sif Muna.
Sif Muna was noncommittal.
You visited 1 branch of the dungeon, and saw 5 of its levels.

You collected 264 gold pieces.

Inventory:

Hand Weapons
 b - a +1 flail of venom
Missiles
 i - 10 poisoned darts
Armour
 a - a +0 robe
 k - the +2 leather armour of the Beginning (worn) {Will+ Int+5}
   (You found it on level 4 of the Dungeon)

   Int:       It affects your intelligence (+5).
   Will:      It increases your willpower.
Magical Staves
 c - a staff of death (weapon)
Jewellery
 j - an amulet of reflection
 l - a ring of flight
Scrolls
 d - a scroll of silence {unknown}
 e - a scroll of summoning
 f - 2 scrolls of poison
 g - a scroll of enchant weapon {unknown}
 h - a scroll of teleportation {unknown}


   Skills:
 - Level 1.5 Dodging
 - Level 1.5 Stealth
 - Level 5.0 Spellcasting
 - Level 6.0 Necromancy
 + Level 2.4 Invocations


You had 11 spell levels left.
You knew the following spells:

 Your Spells              Type           Power      Damage    Failure   Level
a - Necrotise             Necr           100%       1d9       1%          1
v - Vampiric Draining     Necr           62%        2d10      3%          3

Your spell library contained the following spells:

 Spells                   Type           Power      Damage    Failure   Level
 Animate Dead             Necr           62%        N/A       12%         4
 Slow                     Hex            20%        N/A       14%         1
 Ensorcelled Hibernation  Hex/Ice        10%        N/A       22%         2
 Lesser Beckoning         Tloc           10%        N/A       22%         2
 Passwall                 Tmut/Erth      4%         N/A       22%         2
 Agony                    Necr           62%        N/A       32%         5
 Confusing Touch          Hex            5%         N/A       38%         3
 Gell's Gravitas          Tloc           5%         N/A       38%         3
 Inner Flame              Hex/Fire       5%         N/A       38%         3
 Swiftness                Air            5%         N/A       38%         3
 Teleport Other           Tloc           5%         N/A       38%         3
 Petrify                  Tmut/Erth      5%         N/A       80%         4
 Irradiate                Conj/Tmut      2%         3d12      98%         5
 Yara's Violent Unravell  Hex/Tmut       2%         3d3       98%         5
 Enfeeble                 Hex            2%         N/A       100%        7
 Sublimation of Blood     Necr           Unusable   N/A       N/A         2

Dungeon Overview and Level Annotations

Branches:
Dungeon (5/15)             Temple (0/1) D:4

Altars:
Ashenzari
Sif Muna

Annotations:
D:4 exclusions: phantom and 1 more exclusion


Innate Abilities, Weirdness & Mutations

You are immune to poison.
Your flesh is cold resistant. (rC+)
You are immune to negative energy. (rN+++)
You are immune to unholy pain and torment.
You are vulnerable to heat. (rF-)
You are in touch with the powers of death.
You do not drink.
You have a special connection with the divine. (Faith)


Message History

Your adder skeleton bites the gnoll but does no damage.
The gnoll barely misses you.
You shred the net and break free!
The gnoll hits you from afar with a +0 spear. x2
Your adder skeleton bites the gnoll but does no damage.
The gnoll hits you with a +0 club. The gnoll closely misses you.
The gnoll hits you from afar with a +0 spear.
Your adder skeleton bites the gnoll.
The gnoll hits you from afar with a +0 spear.
The gnoll hits you with a +0 club. The gnoll barely misses you.
The gnoll bouda hits you with a +0 whip.
* * * LOW HITPOINT WARNING * * *
You climb upwards.
Your mindless puppet stays behind to rot.
Level annotation: exclusions: phantom and 1 more exclusion
There is a stone staircase leading down here.
Unknown command.
Casting: Necrotise (safe; 1% risk of failure)
Confirm with . or Enter, or press ? or * to list all spells.
Aiming: Vampiric Draining (dangerous; 3% risk of failure)
Press: ? - help, Shift-Dir - straight line, f - gnoll bouda
Aim: a gnoll bouda, wielding a +0 whip and wearing a +0 robe You feel a strong surge of power!
You draw life force from the gnoll bouda!
You feel life coursing into your body.
Your attacks no longer feel as feeble.
The gnoll misses you. The gnoll hits you with a +0 flail!
* * * LOW HITPOINT WARNING * * *
The gnoll bouda hits you but does no damage.
Unknown command.
Casting: Vampiric Draining (dangerous; 3% risk of failure)
Confirm with . or Enter, or press ? or * to list all spells.
Aiming: Vampiric Draining (dangerous; 3% risk of failure)
Press: ? - help, Shift-Dir - straight line, f/p - gnoll bouda
Aim: a gnoll bouda, wielding a +0 whip and wearing a +0 robe (heavily wounded)
You feel a strong surge of power!
You miscast Vampiric Draining.
You are very lightly contaminated with residual magic.
Nothing appears to happen.
The gnoll barely misses you. The gnoll hits you with a +0 flail!
You die...

#.####.......#.⌠.⌠.### #....
#.# #########.....# #.###
#.# ###'### #.# #.# #.# #.#
#.# #.# #.# #.#
#.#######.### #.#
#.......).... #.############
######.##.### #...).....g@g#
#.##.###
############g########.##....
#..........######
############


You could see a gnoll bouda and 2 gnolls.

Vanquished Creatures
  An ice beast (D:4)
  2 scorpions (D:4)
  Terence (D:3)
  2 adders
  A worm (D:3)
  3 dart slugs
  An orc (D:4)
  A bat (D:2)
  6 endoplasms
  5 giant cockroaches
  5 hobgoblins
  6 jackals
  5 quokkas
  7 ball pythons
  2 frilled lizards (D:2)
  5 goblins
  4 kobolds
  2 rats
59 creatures vanquished.

Vanquished Creatures (collateral kills)
  A dart slug (D:2)
1 creature vanquished.

Grand Total: 60 creatures vanquished

Notes
Turn   | Place    | Note
-------+----------+-------------------------------------------
     0 | D:1      | Midn8 the Mummy Necromancer began the quest for the Orb.
     0 | D:1      | Reached XP level 1. HP: 13/13 MP: 4/4
   245 | D:1      | Reached XP level 2. HP: 15/19 MP: 0/6
   849 | D:2      | Gained mutation: You are in touch with the powers of death.
                  | [Mummy growth]
   849 | D:2      | Reached XP level 3. HP: 23/24 MP: 4/8
   998 | D:2      | Learned a level 3 spell: Vampiric Draining
  1145 | D:2      | Reached skill level 5 in Spellcasting
  1688 | D:3      | Found a shimmering blue altar of Sif Muna.
  1696 | D:3      | Became a worshipper of Sif Muna the Loreminder
  1754 | D:3      | Noticed Terence
  1760 | D:3      | Killed Terence
  1761 | D:3      | Reached XP level 4. HP: 30/30 MP: 6/11
  1893 | D:3      | Found a broken altar of Ashenzari.
  2468 | D:4      | Noticed a scorpion
  2474 | D:4      | Killed a scorpion
  2475 | D:4      | Reached skill level 5 in Necromancy
  2475 | D:4      | Reached XP level 5. HP: 30/35 MP: 3/12
  2552 | D:4      | Identified the +0 leather armour of Kemuczu {rPois Str+7
                  | Int-4}
  2759 | D:4      | Identified the +2 leather armour of the Beginning {Will+
                  | Int+5}
  2802 | D:4      | Reached skill level 6 in Necromancy
  3058 | D:4      | Found a staircase to the Ecumenical Temple.
  3073 | D:4      | Noticed a phantom
  3298 | D:4      | Noticed an ice beast
  3308 | D:4      | Killed an ice beast
  3309 | D:4      | Reached XP level 6. HP: 41/41 MP: 7/13
  3558 | D:5      | Entered Level 5 of the Dungeon
  3569 | D:4      | Slain by a gnoll

Illustrated notes

Levels and vault maps discovered:
D:1:      lemuel_arrival_behind_the_door_small, layout_rooms
D:2:      layout_basic, minmay_misc_feat_tiny, st_stairs_10
D:3:      layout_basic, mainiacjoe_overflow_surrounded_room,
          cheibrodos_ashenzari_chains, serial_rivers,
          chequers_serial_rivers_micro_b, chequers_serial_rivers_small_3,
          chequers_serial_rivers_large_b, chequers_serial_rivers_small_3,
          chequers_serial_rivers_small_3, uniq_terence
D:4:      layout_loops_ring, minmay_temple_entry_hall, grunt_decor_resistance
D:5:      kennysheep_big_flooded_room, layout_cave_pools

Skill      XL: |  1  2  3  4  5 |
---------------+----------------+-----
Spellcasting   | 3 4 5 |  5.0
Necromancy     | 5 6 |  6.0
Invocations    | 2 |  2.4
Dodging        | |  1.5
Stealth        | |  1.5

Action                     |  1- 3 |  4- 6 || total
---------------------------+-------+-------++-------
  Melee: Staff             |     9 |       ||     9
   Cast: Necrotise         |    80 |    45 ||   125
         Vampiric Draining |       |     3 ||     3
    Use: Scroll            |       |     3 ||     3
 Armour: Robe              |     3 |       ||     3
         Leather armour    |       |     2 ||     2
  Dodge: Dodged            |    25 |    12 ||    37

Table legend: (Time is in decaauts)
 A = Elapsed time spent in this place.
 B = Non-inter-level travel time spent in this place.
 C = Inter-level travel time spent in this place.
 D = Time resting spent in this place.
 E = Time spent auto-exploring this place.
 F = Levels seen in this place.
 G = Mean time per level.
                   A        B        C        D        E       F      G
               +--------+--------+--------+--------+--------+-----+--------+
         Total |   3603 |   3503 |    100 |   1033 |   1994 |   5 |  720.6 |
       Dungeon |   3603 |   3503 |    100 |   1033 |   1994 |   5 |  720.6 |
               +--------+--------+--------+--------+--------+-----+--------+

Top non-repeatable levels by time:
     D:4: 1102 daAuts
     D:2: 937 daAuts
     D:3: 855 daAuts
     D:1: 698 daAuts
     D:5: 8 daAuts
